 Dungeon Crawl Stone Soup version 0.31-a0-819-gf6de2f5ab6 (webtiles) character file.

Game seed: 15496326678842034104

1532802 jt the Slayer (level 27, 318/414 HPs)
             Began as an Ogre Shapeshifter on Sept 23, 2023.
             Was a Follower of Uskayaw.
             Escaped with the Orb
             ... and 3 runes on Sept 24, 2023!
             The game lasted 05:28:15 (96990 turns).

jt the Slayer (Ogre Shapeshifter)                  Turns: 96990, Time: 05:28:15

Health: 318/414    AC: 36    Str: 34    XL:     27
Magic:  28/39      EV: 12    Int: 17    God:    Uskayaw [*.....]
Gold:   3648       SH: 16    Dex: 10    Spells: 21/50 levels left

rFire   + . .        a - +8 demon trident "Rift" {distort, reach+}
rCold   + . .        F - +2 kite shield {reflect}
rNeg    + . .        h - melded quicksilver dragon scales
rPois   ∞            q - +2 hat
rElec   +            f - +2 cloak {Will+}
rCorr   +            (gloves unavailable)
SInv    .            (boots unavailable)
Will    +++..        c - amulet "Noeser" {Acrobat +Blink Slay+2}
Stlth   +            i - ring of protection from fire
HPRegen 0.89/turn    O - ring "Icrud" {rC+ rCorr Str+6}
MPRegen 0.26/turn

%: reflection, acrobat
@: statue-form, studying Short Blades, very slow
A: slow and powerful, torment resistance 1, boosted hp, large, unfitting armour,
(tough skin 1), teleportitis 1, wild magic 1
0: Orb of Zot
}: 3/15 runes: decaying, serpentine, silver
a: Begin Untransformation, Renounce Religion, Evoke Blink, Stomp


You escaped.
You worshipped Uskayaw.
Uskayaw was greatly pleased with you.
You were a living statue of rough stone.
You visited 12 branches of the dungeon, and saw 52 of its levels.
You visited 1 ziggurat, and saw 13 of its levels.
You also visited: Trove, Bailey, Ice Cave, Volcano and Desolation.

You collected 9684 gold pieces.
You spent 6036 gold pieces at shops.

Inventory:

Hand Weapons
 a - the +8 demon trident "Rift" (weapon) {distort, reach+}
   (You took it off a deep elf annihilator on level 3 of the Elven Halls)
Missiles
 n - 53 large rocks (quivered)
 H - 16 curare-tipped darts
 V - 4 javelins
Armour
 f - a +2 cloak of willpower (worn)
 h - quicksilver dragon scales (melded)
 q - a +2 hat (worn)
 F - a +2 kite shield of reflection (worn)
Jewellery
 c - the amulet "Noeser" (around neck) {Acrobat +Blink Slay+2}
   (You bought it in a shop on level 2 of the Vaults)

   [amulet of the acrobat]

   Acrobat:   It increases your evasion while moving and waiting.
   Slay+2:    It affects your accuracy & damage with ranged weapons and melee
   (+2).
   +Blink:    It lets you blink.
 i - a ring of protection from fire (left fist)
 O - the ring "Icrud" (right fist) {rC+ rCorr Str+6}
   (You acquired it in a bailey)

   [ring of resist corrosion]

   Str+6:     It affects your strength (+6).
   rC+:       It protects you from cold.
   rCorr:     It protects you from acid and corrosion.
 P - a ring of see invisible
 Q - the ring of Ighu {Fly rCorr Int+3}
   (You found it on level 5 of the Lair of Beasts)

   [ring of flight]

   Int+3:     It affects your intelligence (+3).
   Fly:       It grants you flight.
   rCorr:     It protects you from acid and corrosion.
Talismans
 k - a storm talisman
 r - a talisman of death
 u - a granite talisman (active)
Wands
 b - a wand of polymorph (2)
 v - a wand of digging (46)
 C - a wand of flame (175)
 J - a wand of quicksilver (28)
 M - a wand of roots (48)
 T - a wand of charming (67)
Scrolls
 j - a scroll of blinking
 l - 4 scrolls of immolation
 p - 2 scrolls of revelation
 s - 4 scrolls of silence
 w - 8 scrolls of fog
 x - 6 scrolls of fear
 B - 16 scrolls of teleportation
 G - 5 scrolls of vulnerability
 W - 5 scrolls of butterflies
 Z - a scroll of poison
Potions
 e - 10 potions of curing
 m - 6 potions of mutation
 o - a potion of resistance
 t - a potion of lignification
 y - a potion of magic
 D - 4 potions of invisibility
 E - 9 potions of might
 I - 2 potions of berserk rage
 K - 5 potions of ambrosia
 N - 4 potions of cancellation
 R - a potion of brilliance
 S - 11 potions of enlightenment
 U - 11 potions of haste
Miscellaneous
 g - the horn of Geryon
 z - a tin of tremorstones (1/2)
 A - a phantom mirror
 L - a lightning rod (4/4)
 X - a sack of spiders
 Y - a phial of floods


   Skills:
 - Level 26.4 Fighting
 - Level 19.8 Polearms
 - Level 8.2 Throwing
 - Level 6.4 Armour
 - Level 8.6 Dodging
 - Level 7.9 Stealth
 - Level 20.1 Shields
 - Level 18.6 Unarmed Combat
 - Level 12.0 Spellcasting
 - Level 5.1 Conjurations
 + Level 15.2 Translocations
 - Level 5.0 Transmutations
 - Level 6.0 Air Magic
 + Level 21.7 Invocations
 - Level 10.0 Evocations
 - Level 19.2 Shapeshifting


You had 21 spell levels left.
You knew the following spells:

 Your Spells              Type           Power      Damage    Failure   Level
a - Blink                 Tloc           100%       N/A       1%          2
b - Passwall              Tmut/Erth      20%        N/A       7%          2
c - Apportation           Tloc           100%       N/A       1%          1
d - Wereblood             Tmut           35%        N/A       3%          2
e - Vhi's Electric Charg  Tloc/Air       100%       N/A       2%          4
f - Manifold Assault      Tloc           69%        N/A       1%          4
g - Iskenderun's Mystic   Conj/Tloc      55%        2d12      2%          4
h - Passage of Golubria   Tloc           69%        N/A       1%          4
i - Dispersal             Tloc           34%        N/A       4%          6

Your spell library contained the following spells:

 Spells                   Type           Power      Damage    Failure   Level
 Lesser Beckoning         Tloc           100%       N/A       1%          2
 Momentum Strike          Conj/Tloc      100%       3d10      1%          2
 Gell's Gravitas          Tloc           69%        N/A       1%          3
 Teleport Other           Tloc           69%        N/A       1%          3
 Magic Dart               Conj           100%       1d8       2%          1
 Static Discharge         Conj/Air       74%        2-6/arc   2%          2
 Volatile Blastmotes      Fire/Tloc      94%        2d17      2%          3
 Searing Ray              Conj           70%        2d7       3%          2
 Swiftness                Air            39%        N/A       3%          3
 Foxfire                  Conj/Fire      96%        2x1d8     4%          1
 Kiss of Death            Conj/Necr      96%        2d12      4%          1
 Cigotuvi's Dreadful Rot  Necr/Pois/Air  44%        N/A       9%          2
 Mephitic Cloud           Conj/Pois/Air  29%        N/A       9%          3
 Airstrike                Air            19%        2d(3-19)  11%         4
 Necrotise                Necr           52%        1d6       12%         1
 Sandblast                Erth           26%        2d8       12%         1
 Slow                     Hex            52%        N/A       12%         1
 Dazzling Flash           Conj/Hex       48%        N/A       13%         3
 Summon Forest            Summ/Tloc      23%        N/A       14%         5
 Ensorcelled Hibernation  Hex/Ice        26%        N/A       17%         2
 Jinxbite                 Hex            26%        N/A       17%         2
 Scorch                   Fire           26%        2d6       17%         2
 Ignite Poison            Fire/Tmut/Pois 20%        N/A       17%         3
 Summon Lightning Spire   Summ/Air       26%        N/A       30%         4
 Arcjolt                  Conj/Air       18%        1d28      30%         5
 Call Canine Familiar     Summ           13%        N/A       32%         3
 Confusing Touch          Hex            13%        N/A       32%         3
 Frozen Ramparts          Ice            26%        1d4       32%         3
 Inner Flame              Hex/Fire       13%        N/A       32%         3
 Ozocubu's Armour         Ice            13%        N/A       32%         3
 Sigil of Binding         Hex            13%        N/A       32%         3
 Summon Guardian Golem    Hex/Summ       13%        N/A       32%         3
 Tukima's Dance           Hex            13%        N/A       32%         3
 Vampiric Draining        Necr           13%        2d6       32%         3
 Iskenderun's Battlesphe  Conj           35%        2d9       34%         5
 Brom's Barrelling Bould  Conj/Erth      24%        2d5       36%         4
 Flame Wave               Conj/Fire      24%        2d8       36%         4
 Fulminant Prism          Conj/Hex       12%        3d8       36%         4
 Petrify                  Tmut/Erth      24%        N/A       36%         4
 Freezing Cloud           Conj/Ice/Air   14%        6-21      52%         5
 Silence                  Hex/Air        13%        N/A       63%         5
 Anguish                  Hex/Necr       6%         N/A       69%         4
 Animate Armour           Summ/Erth      26%        N/A       69%         4
 Animate Dead             Necr           13%        N/A       69%         4
 Dispel Undead            Necr           13%        3d9       69%         4
 Leda's Liquefaction      Hex/Erth       6%         N/A       69%         4
 Olgreb's Toxic Radiance  Pois           13%        N/A       69%         4
 Summon Ice Beast         Ice/Summ       13%        N/A       69%         4
 Alistair's Intoxication  Tmut/Pois      16%        N/A       69%         5
 Fireball                 Conj/Fire      12%        3d7       69%         5
 Yara's Violent Unravell  Hex/Tmut       12%        3d7       69%         5
 Disjunction              Tloc           34%        N/A       77%         8
 Conjure Ball Lightning   Conj/Air       18%        3x3d6     83%         6
 Agony                    Necr           13%        N/A       95%         5
 Borgnjor's Vile Clutch   Necr/Erth      6%         N/A       95%         5
 Lee's Rapid Deconstruct  Erth           6%         3d6*      95%         5
 Metabolic Englaciation   Hex/Ice        6%         N/A       95%         5
 Summon Mana Viper        Hex/Summ       13%        N/A       95%         5
 Malign Gateway           Summ/Tloc      23%        N/A       98%         7
 Bombard                  Conj/Erth      12%        9d3       99%         6
 Eringya's Noxious Bog    Tmut/Pois      12%        4d6       99%         6
 Plasma Beam              Fire/Air       13%        2x1d24    99%         6
 Starburst                Conj/Fire      12%        6d5       99%         6
 Simulacrum               Ice/Necr       6%         N/A       100%        6
 Summon Cactus Giant      Summ           6%         N/A       100%        6
 Enfeeble                 Hex            6%         N/A       100%        7
 Haunt                    Necr/Summ      6%         N/A       100%        7
 Monstrous Menagerie      Summ           6%         N/A       100%        7
 Orb of Destruction       Conj           17%        9d7       100%        7
 Ozocubu's Refrigeration  Ice            6%         4d8       100%        7
 Spellforged Servitor     Conj/Summ      12%        N/A       100%        7
 Summon Hydra             Summ           6%         N/A       100%        7
 Discord                  Hex            6%         N/A       100%        8
 Ignition                 Fire           6%         3d4       100%        8
 Infestation              Necr           6%         N/A       100%        8
 Lehudib's Crystal Spear  Conj/Erth      12%        10d4      100%        8
 Summon Horrible Things   Summ           6%         N/A       100%        8
 Chain Lightning          Conj/Air       18%        3d24      100%        9
 Death's Door             Necr           6%         N/A       100%        9
 Fire Storm               Conj/Fire      12%        8d3       100%        9
 Polar Vortex             Ice            6%         N/A       100%        9
 Shatter                  Erth           6%         3d9*      100%        9
 Sublimation of Blood     Necr           Unusable   N/A       N/A         2

Dungeon Overview and Level Annotations

Branches:
Dungeon (15/15)            Temple (1/1) D:6            Lair (5/5) D:10
  Swamp (4/4) Lair:3        Snake (4/4) Lair:3        Slime (0/5) Lair:4
    Orc (2/2) D:12            Elf (3/3) Orc:2        Vaults (5/5) D:14
  Crypt (3/3) Vaults:2       Tomb (0/3) Crypt:3      Depths (4/4) D:15
   Hell (visited)             Zot (5/5) Depths:4     Bailey (visited)
  IceCv (visited)         Volcano (visited)         Desolation (visited)
    Dis: Hell:1         Geh: Hell:1         Coc: Hell:1         Tar: Hell:1

Altars:
Ashenzari
Cheibriados
Dithmenos
Elyvilon
Fedhas
Gozag
Hepliaklqana
Kikubaaqudgha
Makhleb
Nemelex Xobeh
Okawaru
Qazlal
Ru
Sif Muna
Trog
Uskayaw
Vehumet
Wu Jian
Xom
Yredelemnul
Zin
The Shining One
Jiyva

Shops:
D:3 :   D:4 ?   D:12 (   D:13 :?[(   D:15 ?   Orc:2 (!*?   Snake:3 (*(=?
Vaults:1 =*   Vaults:2 =   Depths:2 =::   Depths:3 [[[[

Portals:
Hell: Depths:1 Depths:2 Depths:3 Depths:4
Abyss: Depths:3 Depths:4
Pandemonium: Depths:2

Annotations:
Elf:2 3 runed translucent doors


Innate Abilities, Weirdness & Mutations

You are a living statue of rough stone.
Your actions are slow, but your melee attacks are powerful.
You are resistant to unholy torment.
Your maximum health is greatly increased.
Your equipment is partially melded.
You are too large for most types of armour.
You are immune to poison.
((You have tough skin. (AC +1)))
You are occasionally teleported next to monsters.
Your spells are a little harder to cast, but a little more powerful.


Message History

Reactivating autopickup.
There is a stone staircase leading down here.
You start resting.
Your attacks no longer feel as feeble.
You start resting. 6 golden eyes come into view.
You spit the golden eye like a pig!!!!
You kill the golden eye!
You impale the golden eye!!
You kill the golden eye!
The golden eye blinks at you. You resist with almost no effort.
The golden eye blinks!
The golden eye blinks at you. You resist with almost no effort.
You can now pass through a line of other dancers.
You impale the golden eye!!
You kill the golden eye!
The golden eye blinks at you. You resist with almost no effort.
The golden eye blinks at you. You resist with almost no effort.
Your life force feels restored.
You puncture the golden eye!
You kill the golden eye!
The golden eye blinks at you. You resist with almost no effort.
Uskayaw will force your foes to helplessly watch your dance.
You stick the golden eye like a pincushion!!!
You kill the golden eye!
The golden eye blinks at you. You resist with almost no effort.
You impale the golden eye!!
You kill the golden eye!
Uskayaw will force your foes to share their pain.
There is an open door here.
There is an open door here.
There is a stone staircase leading down here.
There is an open door here.
There is a staircase leading out of the dungeon here.
You have escaped!

.......#..#
######.#.## ...#
#.#.# ##.# #.#.#
#.# #.#.#####
#.###.#.##≈≈≈♣##
#.##....#≈≈≈♣..#
#.###.###♣♣♣..###
#.# #...'......8#
#.# ###.#♣♣♣..###
#.# #.#≈≈~♣.>#
#.# #.##~≈≈♣##
#.#####.########
#..............#
#######........#
#.#.###### #####


There were no monsters in sight!

Vanquished Creatures
  5 dread liches
  6 ancient liches
  2 orbs of fire (Zot:5)
  Mara (Elf:3)
  Sojobo (Vaults:4)
  Vv (Crypt:2)
  3 royal mummies
  the Lernaean hydra (Swamp:4)
  3 curse toes
  5 Killer Klowns (Zot:5)
  2 pandemonium lords
  Frederick (Vaults:4)
  5 golden dragons
  The ghost of Qyg Kex the Earth Mage, an adept OpEE of Vehumet (Crypt:2)
  Geryon (Hell)
  A profane servitor (Zot:4)
  A hellephant (Zig:9)
  2 Brimstone Fiends
  4 electric golems
  12 tentacled monstrosities
  An Ice Fiend (D:15)
  Mlioglotl (Snake:1)
  The ghost of Nidiz the Executioner, an adept HOCA of Makhleb (Snake:1)
  Jorgrun (Orc:1)
  28 Orb Guardians
  7 liches
  The ghost of Titucsi the Tortoise, an adept GrFi of Makhleb (Crypt:2)
  5 quicksilver dragons
  A Hell Sentinel (D:10)
  2 deep elf blademasters (Elf:3)
  2 deep elf master archers (Elf:3)
  A titan (Vaults:5)
  15 death cobs
  2 Executioners
  3 sphinxes
  13 ancient champions
  Agnes (Snake:1)
  Donald (Swamp:3)
  8 tengu reavers
  9 shadow dragons
  2 draconian monks
  8 storm dragons
  A fenstrider witch (Swamp:2)
  Aizul (Snake:1)
  3 revenants
  An iron dragon (Vaults:5)
  2 draconian knights
  9 fire giants
  3 nagarajas
  A demonspawn warmonger (Depths:2)
  A quicksilver elemental (Zig:1)
  A fire giant (shapeshifter) (Depths:4)
  Louise (Elf:1)
  16 frost giants
  10 deep elf sorcerers
  3 imperial myrmidons (Desolation)
  9 ghost moths
  7 balrugs
  6 deep elf elementalists (Elf:3)
  11 draconian scorchers
  4 ghouls
  16 vault wardens
  A caustic shrike zombie (Depths:3)
  3 spriggan defenders
  6 curse skulls
  6 draconian annihilators
  2 cacodemons
  10 very ugly things
  5 draconian stormcallers
  3 caustic shrike skeletons
  A juggernaut zombie (Depths:3)
  2 war gargoyles
  25 ironbound preservers
  4 orc warlords
  9 ironbound thunderhulks
  A stone giant (shapeshifter) (Zig:2)
  5 reapers
  6 draconian shifters
  A broodmother (Zig:12)
  2 juggernaut skeletons (Depths:3)
  10 stone giants
  A formless jellyfish (Vaults:4)
  8 black draconians
  10 green draconians
  4 vampire knights
  5 white draconians
  5 deep elf demonologists
  9 deep elf annihilators
  7 eleionomae
  Azrael (Elf:1)
  A bennu (Zig:7)
  A demonspawn black sun (D:3)
  8 purple draconians
  9 dire elephants
  A spark wasp (Zig:12)
  2 lorocyprocas
  16 red draconians
  7 bunyips
  11 yellow draconians
  2 pale draconians (Depths:4)
  2 halazid warlocks (Desolation)
  8 deep elf death magi
  13 ettins
  7 eidola
  3 blizzard demons
  A green death (Depths:1)
  2 merfolk javelineers
  Josephine (Orc:1)
  3 crystal guardians (Desolation)
  2 shambling mangroves
  6 deep elf high priests
  4 entropy weavers
  14 jiangshi
  12 ragged hierophants (Desolation)
  A merfolk impaler (Zig:8)
  17 yaktaur captains
  2 rakshasas (Depths:1)
  Fannar (Lair:2)
  3 great orbs of eyes
  14 servants of whispers (Desolation)
  5 fire dragons
  19 hydras
  6 salamander tyrants
  9 alligators
  2 catoblepae
  10 peacekeepers
  6 ice dragons
  12 centaur warriors
  2 spriggan air magi
  A quicksilver dragon skeleton (Depths:3)
  2 hell beasts
  2 ogre magi (Vaults:5)
  33 vault guards
  2 ghost crabs
  11 ironbound frosthearts
  A merfolk avatar (Zig:8)
  2 radroaches (Zig:12)
  9 naga warriors
  7 two-headed ogres
  7 boulder beetles
  11 tengu warriors
  12 anacondas
  18 dancing weapons
  3 death knights
  5 deep troll shamans
  7 death yaks
  5 deep troll earth magi
  2 sphinx skeletons
  2 shock serpents (shapeshifter)
  A stoker (Zig:13)
  An azure jelly zombie (Crypt:3)
  5 orc high priests (Orc:2)
  3 spriggan berserkers
  22 naga sharpshooters
  13 vampire magi
  8 shock serpents
  24 hell knights
  Urug (Orc:2)
  4 shadow wraiths
  Sonja (Lair:1)
  A storm dragon zombie (Crypt:1)
  9 deep elf knights
  4 soul eaters
  10 sun demons
  12 spriggans
  51 skeletal warriors
  2 titan skeletons (Depths:3)
  A pharaoh ant (Zig:12)
  5 skysharks
  8 salamander mystics
  9 iron trolls
  6 sixfirhies
  A fire crab (shapeshifter) (D:15)
  5 goliath frogs
  A spectral death yak (Lair:3)
  5 sea snakes
  A deep troll (shapeshifter) (Zig:3)
  2 golden dragon zombies
  A death drake (Swamp:1)
  9 naga ritualists
  4 bunyip skeletons
  7 flayed ghosts
  4 glowing orange brains
  90 deep trolls
  An orb spider (Zig:12)
  A storm dragon skeleton (Depths:3)
  2 bog bodies
  13 lindwurms
  15 swamp dragons
  An orange crystal statue (Crypt:2)
  7 orc knights
  19 ironbound convokers
  A shadow demon (Depths:3)
  4 spriggan druids
  8 wizards
  A golden dragon skeleton (Depths:3)
  18 deep elf pyromancers
  A wolf spider zombie (Crypt:3)
  10 harpies
  An alligator zombie (Crypt:1)
  4 necromancers
  9 phantasmal warriors
  A mana viper (shapeshifter) (Zig:2)
  13 deep elf archers
  6 tengu skeletons
  A shadow dragon skeleton (Depths:3)
  16 mana vipers
  3 orc sorcerers
  22 deep elf zephyrmancers
  25 salamanders
  3 large abominations
  An alligator skeleton (Crypt:1)
  A shining eye (shapeshifter) (Depths:2)
  7 will-o-the-wisps
  3 manticores
  7 cyclopes
  3 wolf spiders (Zig:12)
  21 moths of wrath
  34 ugly things
  A manticore (shapeshifter) (Zig:10)
  9 elephants
  3 fire giant skeletons
  2 stone giant skeletons
  41 black mambas
  2 iron dragon skeletons (Depths:3)
  18 naga magi
  4 frost giant skeletons
  2 merfolk sirens (Zig:8)
  16 guardian serpents
  4 rust devils
  4 smoke demons
  24 vault sentinels
  Maggie (D:7)
  3 molten gargoyles
  3 orange demons
  5 unseen horrors
  14 cane toads
  A dire elephant skeleton (Crypt:2)
  A naga skeleton (Crypt:2)
  A rime drake (shapeshifter) (Vaults:5)
  An ice statue (IceCv)
  An unseen horror zombie (Crypt:1)
  3 hellions
  3 komodo dragons
  A cane toad (shapeshifter) (Elf:3)
  A centaur skeleton (Crypt:2)
  6 kobold demonologists
  7 rime drakes
  A death yak zombie (Crypt:2)
  45 yaktaurs
  A swamp worm zombie (Crypt:1)
  2 spectral skysharks (Lair:3)
  Jeremiah (D:7)
  3 tormentors
  2 freezing wraiths (Crypt:1)
  2 red draconian skeletons
  3 tengu conjurers (Depths:2)
  2 red devils (Hell)
  3 guardian mummies (Zig:7)
  9 trolls
  9 tyrant leeches
  A catoblepas skeleton (Crypt:2)
  2 merfolk (Zig:8)
  2 hellwings (Zot:1)
  2 meliai
  A bloated husk (Zig:11)
  82 saltlings (Desolation)
  19 polar bears
  13 hornets
  5 raiju
  3 tarantellas (Zig:12)
  A death drake skeleton (Crypt:3)
  6 blink frogs
  7 dream sheep
  2 jumping spiders (Zig:12)
  22 flying skulls
  48 slime creatures
  2 shadows (D:13)
  A centaur simulacrum (D:15)
  10 water elementals
  An air elemental (Elf:3)
  2 ettin skeletons (Vaults:2)
  6 wyverns
  2 ynoxinuls
  A hog (D:6)
  12 wraiths
  An ushabti (Zig:7)
  6 basilisks
  Eustachio (D:4)
  63 yaks
  Grum (D:10)
  4 fire elementals
  9 golden eyes
  2 elf skeletons (Vaults:2)
  4 redbacks
  17 swamp worms
  7 steam dragons
  17 vampire mosquitoes
  10 wargs
  A demonspawn zombie (Crypt:2)
  5 acid dragons
  43 nagas
  A hydra simulacrum (Crypt:2)
  22 hell hounds
  8 glowing shapeshifter skeletons
  A sky beast (D:7)
  23 water moccasins
  A faun skeleton (Crypt:3)
  55 orc warriors
  3 ice beasts
  19 black bears
  7 swamp drakes
  12 ogres
  7 boggarts
  A hornet zombie (Crypt:2)
  45 wolves
  A tengu (shapeshifter) (Vaults:5)
  6 centaurs
  A dream sheep skeleton (Crypt:1)
  3 lemures (D:6)
  A phantom (D:5)
  An elf simulacrum (Vaults:5)
  3 kobold brigands
  A hog skeleton (Crypt:1)
  A human zombie (Vaults:5)
  3 earth elementals
  8 bullfrogs
  A wyvern zombie (Crypt:2)
  4 necrophages (Swamp:3)
  5 human skeletons (Vaults:2)
  2 scorpions
  A glowing shapeshifter simulacrum (Vaults:5)
  A yak zombie (Crypt:1)
  3 killer bees (D:8)
  A spriggan skeleton (Crypt:1)
  20 electric eels
  4 lava snakes
  A basilisk zombie (Crypt:3)
  A black bear zombie (Crypt:3)
  6 hounds
  3 jellies
  2 gnoll boudas
  29 orc priests
  An iron imp (D:4)
  6 iguanas
  4 sleepcaps
  Natasha (thrice) (D:3)
  11 hell rats
  23 orc wizards
  7 mummies (Zig:7)
  11 adders
  10 gnolls
  A shadow imp (D:7)
  A white imp (D:5)
  An ufetubus (D:4)
  2 worms
  4 dart slugs
  101 orcs
  4 ball pythons
  6 endoplasms
  4 giant cockroaches
  10 goblins
  13 hobgoblins
  4 jackals
  A quokka (D:3)
  10 bats
  3 frilled lizards
  16 kobolds
  4 rats
  A rat zombie (Crypt:2)
2719 creatures vanquished.

Vanquished Creatures (collateral kills)
  Saint Roka (Snake:3)
  An ancient champion (Vaults:4)
  A nagaraja (Snake:4)
  An orc warlord (Orc:2)
  An orc knight (Vaults:2)
  A black mamba (Lair:1)
  2 blink frogs (Lair:1)
  A basilisk (Lair:1)
  A naga (Snake:4)
  A bullfrog (Lair:1)
  An orc priest (Orc:2)
  An orc (Orc:2)
13 creatures vanquished.

Vanquished Creatures (others)
  A dread lich (Crypt:3)
  A ghost moth (Zig:12)
  A fire giant (Depths:2)
  A white draconian (Zot:4)
  A deep elf knight (Elf:1)
  A bog body (Zig:11)
  A swamp dragon (Zig:11)
  A deep elf archer (Elf:2)
  A deep elf zephyrmancer (Elf:2)
  2 bloated husks
  A saltling (Desolation)
  A swamp worm (Swamp:4)
  A swamp drake (Swamp:4)
  A wolf (shapeshifter) (Vaults:5)
  An iguana (Lair:5)
  A hell rat (Hell)
  An orc (Orc:1)
  32 foxfires
50 creatures vanquished.

Grand Total: 2782 creatures vanquished

Notes
Turn   | Place    | Note
-------+----------+-------------------------------------------
     0 | D:1      | jt the Ogre Shapeshifter began the quest for the Orb.
     0 | D:1      | Reached XP level 1. HP: 19/19 MP: 1/1
   195 | D:1      | Reached skill level 1 in Stealth
   253 | D:1      | Reached XP level 2. HP: 17/27 MP: 2/2
   879 | D:2      | Identified the +1 sling of Fetor Dibu {speed, rCorr Dex+2}
   923 | D:1      | Reached skill level 2 in Fighting
   923 | D:1      | Reached XP level 3. HP: 25/35 MP: 3/3
  1234 | D:2      | Found a broken altar of Ashenzari.
  1398 | D:2      | Reached XP level 4. HP: 34/44 MP: 4/4
  1769 | D:3      | Reached skill level 3 in Fighting
  1773 | D:2      | HP: 1/45 [something/magic dart (6)]
  1784 | D:2      | Reached XP level 5. HP: 23/53 MP: 5/5
  2082 | D:3      | Found Zimi's Book Emporium.
  2146 | D:3      | Noticed Natasha
  2156 | D:3      | Killed Natasha
  2256 | D:3      | Noticed Natasha
  2271 | D:3      | Killed Natasha
  2272 | D:3      | Reached skill level 4 in Fighting
  2372 | D:3      | Noticed Natasha
  2387 | D:3      | Killed Natasha
  2388 | D:3      | Reached XP level 6. HP: 23/62 MP: 6/6
  3129 | D:4      | Found a glowing silver altar of Zin.
  3281 | D:4      | Noticed Eustachio
  3305 | D:4      | Killed Eustachio
  3306 | D:4      | Reached skill level 5 in Fighting
  3306 | D:4      | Reached XP level 7. HP: 49/72 MP: 7/7
  3401 | D:4      | Found a shadowy altar of Dithmenos.
  3486 | D:4      | Noticed Grinder
  3488 | D:4      | Paralysed by Grinder for 4 turns
  3494 | D:4      | Grinder changed into Grinder the iron imp
  3494 | D:4      | Noticed Grinder
  3504 | D:4      | Killed Grinder the iron imp
  3608 | D:4      | Reached skill level 5 in Shapeshifting
  3689 | D:4      | Found a broken altar of Ashenzari.
  3870 | D:4      | Identified a scroll of acquirement
  3884 | D:4      | Noticed Sigmund
  3898 | D:4      | Acquired quicksilver dragon scales
  3899 | D:4      | Noticed Sigmund
  4195 | D:4      | Killed Sigmund the jelly
  4196 | D:4      | Reached skill level 6 in Fighting
  4248 | D:4      | Found The Oracle's Delphic Readings.
  4251 | D:4      | Bought a scroll of teleportation for 36 gold pieces
  4253 | D:4      | Bought a scroll of teleportation for 36 gold pieces
  4374 | D:5      | Entered Level 5 of the Dungeon
  4382 | D:5      | Reached skill level 1 in Armour
  4545 | D:5      | Reached XP level 8. HP: 53/83 MP: 8/8
  4938 | D:5      | Found a hide-covered altar of Uskayaw.
  4954 | D:5      | Found a radiant altar of Vehumet.
  5495 | D:5      | Reached skill level 5 in Unarmed Combat
  5645 | D:5      | Became a worshipper of Uskayaw the Reveller
  5749 | D:6      | Reached * piety under Uskayaw
  5756 | D:6      | Reached ** piety under Uskayaw
  5827 | D:6      | Found a staircase to the Ecumenical Temple.
  5835 | Temple   | Entered the Ecumenical Temple
  5947 | D:6      | Reached *** piety under Uskayaw
  5953 | D:6      | Reached **** piety under Uskayaw
  6080 | D:6      | Reached skill level 1 in Invocations
  6087 | D:6      | Reached ***** piety under Uskayaw
  6100 | D:6      | Reached ****** piety under Uskayaw
  6101 | D:6      | Reached XP level 9. HP: 23/89 MP: 10/10
  6565 | D:6      | Found a sparkling altar of Nemelex Xobeh.
  7171 | D:6      | Found a bloodstained altar of Trog.
  7665 | D:6      | Noticed Pikel
  7666 | D:6      | Pikel changed into Pikel the human
  7666 | D:6      | Noticed Pikel
  7688 | D:6      | Pikel the human changed into Pikel the hog
  7688 | D:6      | Noticed Pikel
  7695 | D:6      | Killed Pikel the hog
  7893 | D:7      | Reached skill level 7 in Fighting
  7935 | D:7      | Reached skill level 1 in Throwing
  8159 | D:7      | Noticed Jeremiah
  8224 | D:8      | Reached XP level 10. HP: 83/102 MP: 13/13
  8226 | D:8      | Reached skill level 1 in Evocations
  8446 | D:8      | Found a basalt altar of Yredelemnul.
  8481 | D:8      | Found a shimmering blue altar of Sif Muna.
  8951 | D:8      | Reached skill level 8 in Fighting
  9906 | D:9      | Found a snail-covered altar of Cheibriados.
  9938 | D:9      | Found the +4 robe of Augmentation {Str+4 Int+4 Dex+4}
 10438 | D:9      | Reached skill level 9 in Fighting
 11454 | D:10     | Entered Level 10 of the Dungeon
 11465 | D:10     | Found a flagged portal.
 11481 | Bailey   | Entered a bailey
 11737 | Bailey   | Noticed a kobold demonologist
 11739 | Bailey   | Killed a kobold demonologist
 12098 | Bailey   | Reached skill level 5 in Throwing
 12250 | Bailey   | Reached XP level 11. HP: 105/117 MP: 14/14
 12330 | Bailey   | Found an iron altar of Okawaru.
 12332 | Bailey   | Noticed an orc sorcerer
 12341 | Bailey   | Killed an orc sorcerer
 12342 | Bailey   | Reached skill level 10 in Fighting
 12530 | Bailey   | Acquired the ring "Icrud" {rC+ rCorr Str+6}
 12572 | D:10     | Noticed Grum
 12587 | D:10     | Killed Grum
 12711 | D:10     | Found a staircase to the Lair.
 12845 | D:10     | Found a hazy altar of Hepliaklqana.
 12910 | D:10     | Reached skill level 5 in Invocations
 13272 | D:10     | Reached skill level 11 in Fighting
 13272 | D:10     | Reached skill level 5 in Dodging
 13272 | D:10     | Reached skill level 10 in Unarmed Combat
 13272 | D:10     | Reached XP level 12. HP: 131/131 MP: 14/17
 13570 | D:11     | Noticed a two-headed ogre
 13606 | D:11     | You fall into a shaft and drop 1 floor!
 13633 | D:12     | Found Itoy's Weapon Emporium.
 13675 | D:12     | Noticed a two-headed ogre
 13685 | D:12     | Killed a two-headed ogre
 13691 | D:12     | Reached skill level 12 in Fighting
 13722 | D:12     | Found a frozen archway.
 13805 | IceCv    | Entered an ice cave
 13831 | IceCv    | Reached skill level 5 in Evocations
 14169 | IceCv    | Noticed a frost giant
 14169 | IceCv    | Noticed a death yak
 14181 | IceCv    | Killed a death yak
 14181 | IceCv    | Killed a frost giant
 14182 | IceCv    | Reached skill level 13 in Fighting
 14182 | IceCv    | Reached XP level 13. HP: 109/144 MP: 19/19
 15111 | D:11     | Found a sacrificial altar of Ru.
 15314 | D:11     | Reached skill level 14 in Fighting
 15351 | D:11     | Found a portal to a secret trove of treasure.
 16263 | Lair:1   | Entered Level 1 of the Lair of Beasts
 16703 | Lair:1   | Found a dark tunnel.
 16715 | Volcano  | Entered a volcano
 16814 | Volcano  | Reached skill level 5 in Armour
 17063 | Volcano  | Reached skill level 10 in Invocations
 17301 | Volcano  | Noticed a fire dragon
 17305 | Volcano  | Killed a fire dragon
 18419 | Lair:1   | Reached XP level 14. HP: 119/157 MP: 21/21
 18518 | Lair:2   | Noticed Sonja
 18526 | Lair:2   | Noticed Fannar
 18531 | Lair:1   | Killed Sonja
 18933 | Lair:1   | Reached skill level 15 in Fighting
 19260 | Lair:2   | Killed Fannar
 20479 | Lair:3   | Found a staircase to the Snake Pit.
 21437 | Lair:3   | Reached skill level 16 in Fighting
 21996 | Lair:3   | Found a staircase to the Swamp.
 22991 | Lair:4   | Found a staircase to the Slime Pits.
 23059 | Lair:4   | Found a viscous altar of Jiyva.
 24086 | Lair:5   | Entered Level 5 of the Lair of Beasts
 24293 | Lair:5   | Reached XP level 15. HP: 57/171 MP: 24/24
 25028 | Lair:5   | Reached skill level 17 in Fighting
 26312 | Lair:5   | Identified the ring of Ighu {Fly rCorr Int+3}
 27771 | D:12     | Learned a level 2 spell: Blink
 27899 | D:12     | Found a staircase to the Orcish Mines.
 27928 | Orc:1    | Entered Level 1 of the Orcish Mines
 27946 | Orc:1    | Noticed Jorgrun
 27958 | Orc:1    | Killed Jorgrun
 28100 | Orc:2    | Entered Level 2 of the Orcish Mines
 28299 | Orc:2    | Noticed an orc warlord
 28332 | Orc:2    | Killed an orc warlord
 28333 | Orc:2    | Reached skill level 18 in Fighting
 28537 | Orc:2    | Found a staircase to the Elven Halls.
 29754 | Orc:2    | Found Kadwu's General Store.
 29754 | Orc:2    | Found Zolem's Magic Scroll Boutique.
 29755 | Orc:2    | Found Nereofud's Antique Weapon Boutique.
 29755 | Orc:2    | Found Ijunez's Distillery.
 29765 | Orc:2    | Bought a potion of heal wounds for 65 gold pieces
 29766 | Orc:2    | Bought a scroll of revelation for 105 gold pieces
 29766 | Orc:2    | Bought a scroll of revelation for 105 gold pieces
 29772 | Orc:2    | Bought a scroll of fear for 56 gold pieces
 29842 | Orc:1    | Noticed Urug
 29856 | Orc:2    | Killed Urug
 30331 | Orc:1    | Noticed an orc warlord
 30341 | Orc:1    | Noticed Josephine
 30341 | Orc:1    | Noticed an orc warlord
 30342 | Orc:1    | Killed an orc warlord
 30352 | Orc:2    | Reached XP level 16. HP: 115/187 MP: 18/26
 31138 | Orc:1    | Killed Josephine
 32078 | D:13     | Found Byqiqedo's Armour Emporium.
 32115 | D:13     | Identified the +10 dagger "Beiwut" {freeze, Fly rN+++ Will-
                  | Str-3}
 32129 | D:13     | Identified the +3 quarterstaff of Ruination {protect, rN+
                  | Str+3}
 32141 | D:13     | Found Weniv's Tremendous Tomes.
 32568 | D:13     | Found Han Quew's Magic Scroll Shop.
 32775 | D:13     | Found Veimux's Antique Weapon Shop.
 33392 | D:14     | Found a gate to the Vaults.
 33443 | D:14     | Found a blossoming altar of Fedhas.
 34561 | D:15     | Entered Level 15 of the Dungeon
 34714 | D:15     | Found Waptilen's Magic Scroll Shop.
 34783 | D:15     | Bought a scroll of blinking for 120 gold pieces
 35339 | D:15     | Found a staircase to the Depths.
 36101 | D:15     | Learned a level 2 spell: Passwall
 36357 | Snake:1  | Entered Level 1 of the Snake Pit
 36679 | Snake:1  | Reached skill level 1 in Spellcasting
 37164 | Snake:1  | Found a transporter.
 37175 | Snake:1  | Noticed Nidiz's ghost (adept HOCA)
 37200 | Snake:1  | Reached skill level 1 in Shields
 37562 | Snake:1  | Found a transporter.
 37562 | Snake:1  | Noticed Agnes
 37570 | Snake:1  | Killed Agnes
 38436 | Snake:1  | Learned a level 1 spell: Apportation
 38509 | Snake:1  | Noticed Mlioglotl
 38525 | Snake:1  | Killed Mlioglotl
 38526 | Snake:1  | Reached skill level 1 in Translocations
 38772 | Snake:1  | Reached XP level 17. HP: 81/196 MP: 27/27
 39345 | Snake:1  | Noticed Aizul
 39738 | Snake:1  | Killed Aizul
 39739 | Snake:1  | Reached skill level 5 in Shields
 40758 | Snake:1  | Learned a level 2 spell: Wereblood
 43275 | Snake:3  | Found Napneuru's Jewellery Boutique.
 43798 | Snake:3  | Found Tuaxasux's Magic Scroll Shoppe.
 43823 | Snake:3  | Reached skill level 10 in Shields
 44173 | Snake:3  | Found Taveawn's Antique Weapon Boutique.
 44196 | Snake:3  | Found Wetzoyk's General Store.
 44272 | Snake:3  | Found Xuuluz's Antique Weapon Shop.
 45138 | Snake:3  | Noticed Saint Roka
 45172 | Snake:3  | Killed Saint Roka
 45568 | Snake:4  | Entered Level 4 of the Snake Pit
 46396 | Snake:4  | Reached XP level 18. HP: 124/206 MP: 28/28
 49394 | Snake:4  | Reached skill level 15 in Shields
 49515 | Snake:4  | Got a serpentine rune of Zot
 49896 | Vaults:1 | Entered Level 1 of the Vaults
 52067 | D:7      | Noticed Maggie
 52083 | D:7      | Killed Maggie
 52123 | D:7      | Killed Jeremiah
 52489 | Swamp:1  | Entered Level 1 of the Swamp
 52509 | Swamp:1  | Reached skill level 10 in Shapeshifting
 52633 | Swamp:1  | Reached XP level 19. HP: 209/214 MP: 29/29
 55133 | Swamp:3  | Noticed Donald
 55154 | Swamp:3  | Killed Donald
 56727 | Swamp:4  | Entered Level 4 of the Swamp
 57283 | Snake:3  | Bought a granite talisman for 1200 gold pieces
 58237 | Vaults:1 | Found Isyr Epu's Assorted Antiques.
 58246 | Vaults:1 | Bought a garnet ring for 200 gold pieces
 58261 | Vaults:1 | Found Egontai's Jewellery Boutique.
 58508 | Vaults:1 | You fall into a shaft and drop 1 floor!
 59645 | Vaults:2 | Reached XP level 20. HP: 194/223 MP: 30/30
 59764 | Vaults:2 | Reached skill level 15 in Shapeshifting
 60104 | Vaults:2 | Found Basuekk's Jewellery Boutique.
 60118 | Vaults:2 | Bought the amulet "Noeser" {Acrobat +Blink Slay+2} for 838
                  | gold pieces
 60214 | Vaults:2 | Identified the +1 trident of Pride {freeze, rCorr Str+7}
 60459 | Vaults:2 | Reached skill level 15 in Unarmed Combat
 60817 | Vaults:2 | Found a staircase to the Crypt.
 61622 | Vaults:3 | Found a crumbling gateway.
 61637 | Desolati | Entered the Desolation of Salt
 62008 | Desolati | Identified the +5 dagger of Fortitude {antimagic, rF+ rN+
                  | SInv}
 62257 | Desolati | Reached XP level 21. HP: 232/232 MP: 31/31
 62346 | Desolati | Got an odd book
 62391 | Desolati | Identified the +10 arbalest of Gaxanlec {flame, rF+}
 62396 | Desolati | Got a droning book
 62424 | Desolati | Identified the +0 robe of Ediupef {Fly rCorr}
 62484 | Desolati | Reached skill level 5 in Stealth
 62565 | Desolati | Got a shiny book
 62611 | Desolati | Identified the -1 pair of boots "Dymopp" {rPois rN+ rCorr
                  | Str-3}
 62615 | Desolati | Got a curling book
 63745 | Vaults:3 | Identified the +7 arbalest "Uttiss" {antimagic, rF+}
 64759 | Vaults:4 | Reached XP level 22. HP: 164/241 MP: 32/32
 64899 | Vaults:4 | Noticed Sojobo
 64919 | Vaults:4 | Noticed Frederick
 65479 | Swamp:4  | Reached skill level 1 in Transmutations
 65488 | Swamp:4  | Noticed the 27-headed Lernaean hydra
 65489 | Swamp:4  | Killed the 27-headed Lernaean hydra
 65728 | Swamp:4  | Got a decaying rune of Zot
 66138 | Elf:1    | Entered Level 1 of the Elven Halls
 66166 | Elf:1    | Reached skill level 5 in Transmutations
 66455 | Elf:1    | Reached skill level 19 in Fighting
 66677 | Elf:1    | Noticed Louise
 66699 | Elf:1    | Killed Louise
 66836 | Elf:1    | Identified the +5 dagger of Disharmony {holy, rElec Int-3
                  | Stlth+}
 67124 | Elf:1    | Noticed Azrael
 67135 | Elf:1    | Killed Azrael
 67623 | Elf:2    | Found a runed translucent gate.
 67624 | Elf:2    | Found a runed translucent gate.
 67624 | Elf:2    | Found a runed translucent gate.
 68114 | Elf:3    | Entered Level 3 of the Elven Halls
 68555 | Elf:3    | Paralysed by an air elemental for 1 turns
 68634 | Elf:3    | Reached skill level 20 in Fighting
 68674 | Elf:3    | Identified the ring "Busus" {rPois rF- rC++ EV+5 Slay+4}
 68679 | Elf:3    | Identified the +8 battleaxe "Xumah" {flame, rF+}
 69124 | Snake:3  | Bought a tin of tremorstones (2/2) for 720 gold pieces
 69536 | Elf:3    | Reached XP level 23. HP: 140/252 MP: 33/33
 70140 | Elf:3    | Noticed Mara
 70142 | Elf:3    | Reached XP level 24. HP: 266/266 MP: 33/33
 70153 | Elf:3    | Killed Mara
 70170 | Elf:3    | Identified the +0 demon whip of Peril {vamp, *Slow rCorr
                  | Dex+2 Stlth+}
 70192 | Elf:3    | Identified the +5 shortbow of Plunder {freeze, Dex+2}
 70279 | Elf:3    | Got a graven book
 70293 | Elf:3    | Learned a level 4 spell: Vhi's Electric Charge
 70552 | Depths:1 | Entered Level 1 of the Depths
 70578 | D:15     | Learned a level 4 spell: Manifold Assault
 70664 | Depths:1 | Reached skill level 1 in Air Magic
 70764 | Depths:1 | Found a sparkling altar of Nemelex Xobeh.
 71245 | Depths:1 | Reached skill level 21 in Fighting
 71331 | Depths:1 | Found a gateway to Hell.
 72485 | Depths:2 | Reached skill level 5 in Translocations
 72542 | Depths:2 | Found a one-way gateway to a ziggurat.
 72738 | Depths:2 | Found a one-way gate leading to the halls of Pandemonium.
 73161 | Depths:2 | Found Plog's Jewellery Boutique.
 73161 | Depths:2 | Found Quigh's Book Shoppe.
 73162 | Depths:2 | Found Imuehaux's Book Shoppe.
 73260 | Depths:3 | Found Wepsoy's Armour Shop.
 73291 | Depths:3 | Found Ohikehas's Armour Shoppe.
 73326 | Depths:3 | Found Tipeydatua's Antique Armour Emporium.
 73368 | Depths:3 | Got a dusty book
 73385 | Depths:3 | Reached skill level 1 in Polearms
 73750 | Depths:3 | Reached skill level 5 in Polearms
 73802 | Depths:3 | Reached XP level 25. HP: 236/279 MP: 31/33
 74370 | Depths:3 | Found Hounepnir's Antique Armour Shop.
 74489 | Depths:3 | Found a one-way gate to the infinite horrors of the Abyss.
 74519 | Depths:4 | Entered Level 4 of the Depths
 74800 | Depths:4 | Found an iron altar of Okawaru.
 74957 | Depths:4 | Reached skill level 10 in Polearms
 75213 | Depths:4 | Identified the ring "Damuk" {Ice rElec rN+ Dex+3}
 75490 | Depths:4 | Found a gate to the Realm of Zot.
 75665 | Depths:4 | Identified the +0 ring mail of the Golden God {Drain rPois
                  | rN+}
 76103 | Crypt:1  | Entered Level 1 of the Crypt
 77011 | Crypt:1  | Identified the +5 longbow "Ustrownia" {flame, rF+ rN+}
 77350 | Crypt:2  | Noticed Titucsi's ghost (adept GrFi)
 77352 | Crypt:2  | Found a transporter.
 77353 | Crypt:2  | Noticed Qyg Kex's ghost (adept OpEE)
 77476 | Crypt:3  | Entered Level 3 of the Crypt
 77675 | Crypt:2  | Noticed a royal mummy
 77745 | Crypt:2  | Reached skill level 5 in Air Magic
 77812 | Crypt:2  | Found a transporter.
 77848 | Crypt:2  | Noticed Vv
 77860 | Crypt:2  | Killed Vv
 77861 | Crypt:2  | Reached XP level 26. HP: 286/288 MP: 25/33
 78152 | Crypt:2  | Reached skill level 5 in Spellcasting
 78347 | Crypt:2  | Killed Qyg Kex's ghost
 78364 | Crypt:2  | Killed a royal mummy
 78599 | Crypt:2  | Killed Titucsi's ghost
 79154 | Crypt:3  | Noticed a dread lich
 79163 | Crypt:3  | Found a staircase to the Tomb.
 79188 | Crypt:3  | Reached skill level 10 in Spellcasting
 79222 | Crypt:3  | Killed a dread lich
 79733 | Crypt:3  | Got an inconspicuous book
 79740 | Crypt:3  | Identified the amulet "Kolam" {Acrobat rC+ Slay+2}
 79745 | Crypt:3  | Identified the +7 flail "Onnoaz" {freeze, rPois rF+}
 79754 | Crypt:3  | Identified the ring "Paiwk" {rN+ Int+7}
 79754 | Crypt:3  | Identified the ring "Earthly Heaven" {rN+ Slay+2 Stlth+}
 79754 | Crypt:3  | Identified the ring of Teij {rElec rN+ Dex+3}
 80012 | Vaults:2 | Reached skill level 15 in Invocations
 80332 | Snake:3  | Bought a scroll of blinking for 105 gold pieces
 80332 | Snake:3  | Bought a scroll of teleportation for 42 gold pieces
 81411 | Vaults:4 | Killed Sojobo
 81418 | Vaults:4 | Killed Frederick
 81500 | Vaults:5 | Entered Level 5 of the Vaults
 81523 | Vaults:5 | Reached skill level 22 in Fighting
 81535 | Vaults:5 | Noticed a dread lich
 81546 | Vaults:5 | Killed a dread lich
 81582 | Vaults:5 | Reached skill level 23 in Fighting
 81585 | Vaults:5 | Noticed a dread lich
 81586 | Vaults:5 | Paralysed by a dread lich for 4 turns
 81591 | Vaults:5 | Killed a dread lich
 81594 | Vaults:5 | Paralysed by a sphinx for 3 turns
 81655 | Vaults:5 | Reached XP level 27. HP: 130/308 MP: 34/38
 81661 | Vaults:5 | Noticed an ancient lich
 81789 | Vaults:5 | Reached skill level 24 in Fighting
 81831 | Vaults:5 | Killed an ancient lich
 82020 | Vaults:5 | Identified the +7 scimitar of the Morning {heavy, rPois
                  | Will+ Str+8 Dex-3}
 82030 | Vaults:5 | Identified the +7 whip of the Moth {freeze, Int+4 Dex+3
                  | Stlth-}
 82052 | Vaults:5 | HP: 16/380 [ettin/+0 dire flail (5)]
 82823 | Vaults:4 | Reached skill level 25 in Fighting
 83963 | Vaults:5 | Got a silver rune of Zot
 83974 | Vaults:5 | Got a moth-eaten book
 84021 | Vaults:5 | Noticed an ancient lich
 84029 | Vaults:5 | Killed an ancient lich
 84458 | Vaults:5 | Identified the +0 sling of Sloth {elec, *Slow rPois rN+
                  | Will+ Dex+3}
 84534 | Vaults:5 | Got a worn book
 84696 | Vaults:5 | Identified the ring "Vaeveqibb" {Ice Str+4 Int+3 SInv
                  | Stlth-}
 85185 | Depths:2 | Bought a manual of Shields for 1280 gold pieces
 85234 | Hell     | Entered the Vestibule of Hell
 85234 | Hell     | Noticed Geryon
 85685 | Snake:1  | Reached skill level 15 in Polearms
 85964 | Snake:1  | Killed Nidiz's ghost
 86400 | Zot:1    | Entered Level 1 of the Realm of Zot
 86778 | Zot:2    | Reached skill level 26 in Fighting
 87016 | Zot:3    | Learned a level 4 spell: Iskenderun's Mystic Blast
 88573 | Zot:4    | Reached skill level 1 in Conjurations
 88573 | Zot:4    | Noticed an ancient lich
 88579 | Zot:4    | Killed an ancient lich
 88718 | Zot:4    | Identified the +7 mace of a wizard's laboratory {flame, rF+
                  | Int+5}
 89892 | Zot:5    | Entered Level 5 of the Realm of Zot
 89941 | Zot:5    | Identified the +1 plate armour "Fymecufe" {rF+ Int+3}
 90502 | Orc:2    | Bought a potion of curing for 39 gold pieces
 90502 | Orc:2    | Bought a potion of curing for 39 gold pieces
 90502 | Orc:2    | Bought a potion of haste for 130 gold pieces
 90502 | Orc:2    | Bought a potion of mutation for 104 gold pieces
 90502 | Orc:2    | Bought a potion of enlightenment for 65 gold pieces
 90502 | Orc:2    | Bought a potion of enlightenment for 65 gold pieces
 90507 | Orc:2    | Bought Great Wizards, Vol. VII for 420 gold pieces
 90512 | Orc:2    | Learned a level 4 spell: Passage of Golubria
 90681 | D:11     | You paid a toll of 18 potions of curing to enter a treasure
                  | trove
 90682 | Trove    | Entered a treasure trove
 90682 | Trove    | Found the +8 storm bow {elec, penet}
 91744 | Zig:1    | Entered Level 1 of a ziggurat
 91778 | Zig:2    | Entered Level 2 of a ziggurat
 91779 | Zig:2    | Identified the +2 buckler of Bespelled Intercession {Dex+4}
 91791 | Zig:3    | Entered Level 3 of a ziggurat
 91817 | Zig:4    | Entered Level 4 of a ziggurat
 91822 | Zig:4    | Found the +5 scythe "Finisher" {speed, execute}
 91841 | Zig:5    | Entered Level 5 of a ziggurat
 91923 | Zig:6    | Entered Level 6 of a ziggurat
 91926 | Zig:6    | Noticed a dread lich
 91926 | Zig:6    | Noticed an ancient lich
 91933 | Zig:6    | Banished a dread lich
 91949 | Zig:6    | Killed an ancient lich
 91959 | Zig:6    | Reached skill level 5 in Conjurations
 91967 | Zig:6    | Learned a level 6 spell: Dispersal
 92044 | Zig:7    | Entered Level 7 of a ziggurat
 92050 | Zig:7    | Noticed a royal mummy
 92052 | Zig:7    | Noticed a royal mummy
 92054 | Zig:7    | Killed a royal mummy
 92059 | Zig:7    | Killed a royal mummy
 92196 | Zig:7    | Identified the ring "Suebboph" {rN+ MP+9}
 92213 | Zig:8    | Entered Level 8 of a ziggurat
 92302 | Zig:8    | Identified the +6 orcbow "Iczecwud" {heavy, rC+}
 92319 | Zig:9    | Entered Level 9 of a ziggurat
 92398 | Zig:9    | Identified the +7 hand axe of the Nexus {flame, *Noise
                  | Will++}
 92414 | Zig:10   | Entered Level 10 of a ziggurat
 92420 | Zig:10   | Noticed a dread lich
 92421 | Zig:10   | Noticed an ancient lich
 92421 | Zig:10   | Noticed an ancient lich
 92425 | Zig:10   | Banished an ancient lich
 92428 | Zig:10   | Killed a dread lich
 92430 | Zig:10   | Killed an ancient lich
 92457 | Zig:10   | Identified the amulet "Yxycwey" {Spirit rElec Dex+2}
 92483 | Zig:11   | Entered Level 11 of a ziggurat
 92540 | Zig:11   | Identified the +1 buckler of the Shimmering Gods {Rampage
                  | rN+ Str+2 Int+3}
 92548 | Zig:11   | Got a strange book
 92557 | Zig:11   | Identified the +8 dagger "Yrhoeck" {elec, Str+5 Int+2}
 92560 | Zig:12   | Entered Level 12 of a ziggurat
 92786 | Zig:13   | Entered Level 13 of a ziggurat
 92821 | Zig:13   | Identified the ring of Nulytiva {Will- rCorr MP+9 Dex+4}
 92822 | Zig:13   | Identified the amulet "Qeatinn" {Reflect rN+ Str-4 Int+2
                  | Dex+7 SH+5}
 92826 | Zig:13   | Identified the ring "Odwaikut" {Wiz Int+2}
 93563 | Zot:5    | Noticed a dread lich
 93567 | Zot:5    | Killed a dread lich
 93587 | Zot:5    | Noticed an ancient lich
 93593 | Zot:5    | Banished an ancient lich
 93601 | Zot:5    | Noticed an orb of fire
 93603 | Zot:5    | Gained mutation: You occasionally lose the ability to drink
                  | potions when taking damage. [an orb of fire]
 93626 | Zot:5    | Killed an orb of fire
 93726 | Zot:5    | Reached skill level 10 in Evocations
 94348 | Orc:2    | Bought a scroll of enchant armour for 105 gold pieces
 94638 | Snake:3  | Bought a scroll of enchant armour for 105 gold pieces
 94638 | Snake:3  | Bought a scroll of vulnerability for 56 gold pieces
 95015 | Hell     | Killed Geryon
 95701 | Zot:5    | Noticed an orb of fire
 95703 | Zot:5    | Noticed a dread lich
 95706 | Zot:5    | Gained mutation: You are clumsy. (Dex -2) [an orb of fire]
 95707 | Zot:5    | Killed an orb of fire
 95709 | Zot:5    | Killed a dread lich
 95940 | Zot:5    | Noticed an ancient lich
 95947 | Zot:5    | Killed an ancient lich
 95986 | Zot:5    | Got the Orb of Zot
 96060 | Zot:4    | Noticed Qogucyra the pandemonium lord
 96074 | Zot:4    | Killed Qogucyra the pandemonium lord
 96403 | Depths:3 | Lost mutation: You occasionally lose the ability to drink
                  | potions when taking damage. [potion of mutation]
 96403 | Depths:3 | Lost mutation: You are clumsy. (Dex -2) [potion of
                  | mutation]
 96403 | Depths:3 | Gained mutation: Your spells are a little harder to cast,
                  | but a little more powerful. [potion of mutation]
 96403 | Depths:3 | Gained mutation: You are occasionally teleported next to
                  | monsters. [potion of mutation]
 96732 | D:10     | Reached skill level 15 in Translocations
 96778 | D:8      | Noticed Ceror the pandemonium lord
 96783 | D:8      | Killed Ceror the pandemonium lord
 96990 | D:$      | Escaped with the Orb!

Illustrated notes

Levels and vault maps discovered:
D:1:      saegor_arrival_simple_d, layout_basic
D:2:      layout_rooms, basic_altar, kennysheep_big_empty_room, minmay_3d_cube
D:3:      layout_loops_cross, serial_shops, shop, uniq_natasha
D:4:      layout_loops_ring, lemuel_round_altar, lemuel_doored_altar,
          mainiacjoe_overflow_catwalk, nicolae_nh_oracle_at_delphi,
          uniq_sigmund, uniq_eustachio, uniq_grinder
D:5:      layout_loops_cross, jmf_multi_god_temple, small_statue_intersection
D:6:      layout_basic, trog_hazing_becter, minmay_temple_entry_wispy,
          minmay_ruined_shrine, uniq_pikel
D:7:      layout_cave_pools, grunt_ogre_cave, uniq_maggie, uniq_jeremiah
D:8:      layout_cave_pods, mainiacjoe_overflow_24_doors, lemuel_crystal_altar,
          mrwooster_statue_mirror
D:9:      layout_basic, kennysheep_slug_shrine, hangedman_decor_peaks_small,
          nicolae_have_a_lightning_rod
D:10:     layout_long_grid, worldfamousw_hep_ancestral_shrine,
          dpeg_oklobed_lair, enter_bailey_4, uniq_grum
D:11:     layout_grid_maze, nicolae_trove_entry_isolated,
          nicolae_ru_sacrificial_ziggurat
D:12:     layout_cave_pools, orc_0_dummy, serial_shops,
          nicolae_shop_tiny_real_fake_doors, portal_ice_cave_rime,
          minmay_misc_feat_ornament
D:13:     layout_roguey, serial_shops, nicolae_shop_trees,
          nicolae_shop_rolling_square, nicolae_shop_crystal,
          nicolae_shop_i_like_big_books, grunt_ministairs_4,
          minmay_misc_feat_columns
D:14:     layout_basic, skrybe_vaults_entry_preservation, fedhas_altar_2
D:15:     grunt_enter_depths_snipers, layout_basic, serial_shops, shop,
          serial_rivers, chequers_serial_rivers_room_a,
          chequers_serial_rivers_micro_e, chequers_serial_rivers_micro_c,
          chequers_serial_rivers_small_3
Temple:   nicolae_temple_hex_pool
Lair:1:   layout_gridlike, enter_volcano_2, pdpol_lair_cavern_descent,
          grunt_megastairs_5
Lair:2:   layout_misc_corridors, chequers_serial_rivers_small_a,
          beast_lair_carwin_3, grunt_megastairs_3, uniq_fannar, uniq_sonja
Lair:3:   beast_lair_carwin_large_1, layout_long_grid,
          nicolae_swamp_entry_spooky, nicolae_snake_entry_squirm,
          nicolae_lair_grove_arrangements, nicolae_lair_liquid_snakes,
          lemuel_fruit_tree
Lair:4:   layout_regular_city, slime_entry_1, disabler_island
Lair:5:   hangedman_lair_caniforms_friends, layout_hall_layers,
          guppyfry_lair_end_dragon, chequers_serial_rivers_micro_e,
          grunt_megastairs_4
Swamp:1:  layout_basic_swamp, serial_swamp_ruin, hangedman_swamp_ruin_wall,
          evilmike_swamp_ruin_rubble_1, infiniplex_staircase_pool
Swamp:2:  layout_basic_swamp, evilmike_swamp_ruin_wall, swamp_pool1,
          nicolae_swamp_well_well_well
Swamp:3:  layout_falls_marsh, nicolae_swamp_ascending_descending_big,
          hangedman_swamp_cone, nicolae_swamp_treefoil,
          infiniplex_staircase_pool_2, uniq_donald
Swamp:4:  swamp_old_school, layout_basic_swamp
Snake:1:  nicolae_snake_shooting_gallery, layout_onion_interference,
          gammafunk_ghost_arena, serial_bayou_pond_b, nicolae_snake_boneroom,
          uniq_mlioglotl, uniq_agnes, uniq_aizul
Snake:2:  layout_misc_corridors
Snake:3:  layout_rooms, serial_shops, nicolae_shop_behind_doors, shop, shop,
          shop, nicolae_shop_waterfront, serial_corexii_hall,
          chequers_hall_statues_corner_a, chequers_hall_statues_corner_a,
          chequers_hall_statues_corner_a, corexii_hall_statues_x,
          uniq_saint_roka
Snake:4:  snake_pit_salamanders_mu, layout_cave_town, drop_trap
Orc:1:    layout_caves, abandoned_shop, uniq_jorgrun, uniq_urug, uniq_josephine
Orc:2:    st_orc_pillars, layout_caves, minmay_orc_temple_a
Elf:1:    minmay_elf_arrival_summoners, layout_geoelf_grid,
          hangedman_elf_represent, minivault_19, uniq_azrael, uniq_louise
Elf:2:    nicolae_elf_blades_crystal_corner, layout_geoelf_diagonals,
          serial_glass, glass_columns_b, glass_columns_b, glass_columns_a,
          glass_columns_c, due_unseen_surprise, feat_on_display, minivault_19,
          grunt_ministairs_5
Elf:3:    elf_hall_gauntlet_narrow, layout_geoelf_diagonals, grunt_megastairs_1,
          uniq_mara
Vaults:1: vaults_standard_mumra_enter_the_diamond,
          nicolae_vaults_network_barrier, vaults_room_ringed_pool, v_misc_10,
          nicolae_vaults_twisting_passages, grunt_vaults_diagonal,
          nicolae_vaults_alarming, ontoclasm_vaults_ring_small,
          nicolae_vaults_trapezoid_lopsided_3, v_misc_9, layout_vaults_omnibox,
          serial_shops, shop, nicolae_shop_gaudy_bauble
Vaults:2: nicolae_vaults_tetromino_Z_1,
          nicolae_vaults_antechamber_and_loot_room, v_pattern_1,
          minmay_crypt_entry_skeletal_spiral, vaults_dpeg_cross,
          nicolae_vaults_trapezoid_4, nicolae_vaults_surprise_closet,
          nicolae_vaults_diamond_1, nicolae_vaults_trapezoid_lopsided_1,
          nicolae_vaults_surprise_closet, v_rooms_3,
          nicolae_vaults_storage_closets_1, v_rooms_4, layout_vaults_omnicross,
          serial_shops, shop
Vaults:3: portal_desolation_entry_twin_temple, nicolae_vaults_little_ls,
          v_pattern_5, ontoclasm_vaults_pinch, hangedman_vaults_trim,
          nicolae_vaults_tangram_1, nicolae_vaults_branching_niches, v_rooms_4,
          nicolae_vaults_yaktaur_gun_rack, v_misc_29,
          nicolae_vaults_stairing_the_circle, vaults_room_stairs_pillars,
          ontoclasm_vaults_shuriken, nicolae_vaults_storage_room_statues,
          layout_vaults_ring
Vaults:4: nicolae_vaults_doubleplus_tesselated, vaults_room_fours,
          nicolae_vaults_double_plus_1, ontoclasm_vaults_eye,
          nicolae_vaults_asterisk, sword_in_stone, layout_vaults_big_room
Vaults:5: serial_shops, uniq_margery
Crypt:1:  layout_rooms, grunt_ministairs_14, serial_sigils_hangedman_writhe,
          serial_sigils_hangedman_gnaw, st_small_mortuary
Crypt:2:  layout_chaotic_city, nzn_ghost_randoct,
          nicolae_crypt_little_mausoleum, grunt_megastairs_2, lemuel_elevator,
          uniq_vv, uniq_sojobo
Crypt:3:  david_glass_crypt, layout_misc_corridors
Depths:1: layout_gridlike, grunt_metal_band, serial_aquarium,
          aquarium_bridge_square [aquarium_subvault_window,
          aquarium_subvault_balcony, aquarium_subvault_wall,
          aquarium_subvault_bridge], aquarium_window_1, aquarium_window_fake,
          aquarium_view_2b, nemelex_diamond_rough_becter
Depths:2: cheibrodos_birdhouse, layout_cave_pools, enter_ziggurat_a, hell_entry,
          rand_demon_pan_entry_5, grunt_ministairs_9, minmay_shop_grove
Depths:3: minmay_skeleton_keep, layout_gridville, hell_entry, abyss_entry,
          serial_shops, shop, nicolae_shop_mannequins,
          nicolae_shop_temple_entry_statues_fountains,
          nicolae_shop_hallway_plus, minmay_staircase_bubble, uniq_grunn
Depths:4: evilmike_zot_entry_gauntlet, layout_gridlike,
          okawaru_ov_weapons_minmay, hangedman_abyss_entry_splay,
          pf_vacation_house_of_asmodeus, serial_bayou_shore_b,
          serial_bayou_shore_b
Hell
Zot:1:    layout_onion_interference
Zot:2:    layout_cathedral_of_symmetry, st_small_dragon_hoard_2
Zot:3:    layout_concentric_octagons
Zot:4:    ebering_greatest_show_in_zot, layout_misc_corridors
Zot:5:    layout_basic

Skill      XL: |  1  2  3  4  5  6  7  8  9 10 11 12 13 14 15 16 17 18 19 20 21 22 23 24 25 26 27 |
---------------+----------------------------------------------------------------------------------+-----
Stealth        | 1 2 4 7 |  7.9
Dodging        | 2 3 4 5 6 7 8 |  8.6
Fighting       | 2 3 4 5 6 7 9 11 13 14 16 18 20 21 23 26 | 26.4
Unarmed Combat | 3 5 7 8 10 11 13 14 15 17 18 | 18.6
Shapeshifting  | 4 5 6 7 10 14 16 17 18 19 | 19.2
Armour         | 2 5 6 |  6.4
Invocations    | 2 4 6 8 10 12 14 16 21 | 21.7
Throwing       | 2 5 8 |  8.2
Evocations     | 2 4 5 10 | 10.0
Spellcasting   | 2 3 4 11 12 | 12.0
Shields        | 4 12 15 20 | 20.1
Translocations | 1 3 5 6 15 | 15.2
Transmutations | 5 |  5.0
Air Magic      | 4 5 6 |  6.0
Polearms       | 5 14 19 | 19.8
Conjurations   | 5 |  5.1

Action                     |  1- 3 |  4- 6 |  7- 9 | 10-12 | 13-15 | 16-18 | 19-21 | 22-24 | 25-27 || total
---------------------------+-------+-------+-------+-------+-------+-------+-------+-------+-------++-------
  Melee: Unarmed           |    65 |   105 |   321 |   329 |  1223 |  1391 |  1112 |   724 |   207 ||  5477
         Punch             |     1 |     1 |    16 |    14 |   118 |    83 |       |       |       ||   233
         Dagger            |       |       |       |       |       |       |       |    31 |       ||    31
         Demon trident     |       |       |       |       |       |       |       |       |  2227 ||  2227
   Fire: Sling             |    35 |    78 |   133 |       |       |       |     5 |       |       ||   251
         Hand cannon       |       |       |       |       |       |       |    37 |       |       ||    37
  Throw: Stone             |     4 |       |       |       |     3 |       |       |       |       ||     7
         Boomerang         |       |       |    24 |   146 |    37 |     8 |    56 |    13 |       ||   284
         Javelin           |       |       |     2 |       |    15 |    30 |    14 |     4 |     8 ||    73
         Dart              |       |       |       |    34 |   196 |    74 |     1 |       |       ||   305
         Throwing net      |       |       |       |       |     1 |       |       |       |       ||     1
         Large rock        |       |       |       |       |       |    63 |    65 |    56 |    95 ||   279
   Cast: Apportation       |       |       |       |       |       |     5 |     3 |       |     8 ||    16
         Passwall          |       |       |       |       |       |     2 |       |       |       ||     2
         Wereblood         |       |       |       |       |       |       |       |    21 |    32 ||    53
         Manifold Assault  |       |       |       |       |       |       |       |     1 |   175 ||   176
         Vhi's Electric Ch |       |       |       |       |       |       |       |       |    42 ||    42
         Iskenderun's Myst |       |       |       |       |       |       |       |       |    10 ||    10
         Dispersal         |       |       |       |       |       |       |       |       |     1 ||     1
 Invoke: Grand Finale      |       |       |       |     1 |     2 |     3 |     2 |     3 |    20 ||    31
         Stomp             |       |       |       |       |     4 |     2 |     1 |     2 |     1 ||    10
         Line Pass         |       |       |       |       |       |     8 |     2 |       |     4 ||    14
Ability: Evoke Blink       |       |       |       |       |       |       |       |     1 |     7 ||     8
  Evoke: Wand              |       |       |     5 |     6 |    13 |    10 |     7 |     7 |    12 ||    60
         Lightning rod     |       |       |       |     4 |    14 |    10 |     8 |       |     8 ||    44
         Sack of spiders   |       |       |       |       |     3 |     2 |     1 |     1 |       ||     7
         Phial of floods   |       |       |       |       |       |     1 |     1 |       |       ||     2
         Phantom mirror    |       |       |       |       |       |     1 |     2 |     1 |     2 ||     6
         Tin of tremorston |       |       |       |       |       |       |       |     2 |    10 ||    12
    Use: Scroll            |     1 |     7 |    10 |     5 |     8 |     8 |    10 |     1 |    13 ||    63
         Potion            |       |     7 |     6 |     3 |     3 |     7 |     1 |     1 |    23 ||    51
   Stab: Invisible         |       |       |     1 |       |       |       |       |       |     1 ||     2
         Paralysed         |       |       |     5 |    28 |    85 |   136 |   126 |    58 |   252 ||   690
         Sleeping          |       |       |       |     2 |     1 |       |     5 |    11 |    17 ||    36
         Confused          |       |       |       |       |       |     5 |       |       |     2 ||     7
         Distracted        |       |       |       |       |       |     2 |     5 |     1 |     5 ||    13
         Petrified         |       |       |       |       |       |       |       |       |     1 ||     1
 Armour: Animal skin       |    50 |    85 |    23 |       |       |       |       |       |       ||   158
         Skin              |       |    22 |    18 |       |       |       |   960 |  1102 |  2538 ||  4640
         Quicksilver drago |       |       |   208 |    61 |   735 |   856 |   184 |       |       ||  2044
         Robe              |       |       |       |   179 |    51 |       |       |       |       ||   230
         Fire dragon scale |       |       |       |       |   190 |    90 |       |       |       ||   280
  Dodge: Dodged            |    31 |    62 |   120 |   142 |   423 |   364 |   534 |   457 |   907 ||  3040
  Block: Other             |       |       |       |    11 |   202 |   107 |       |       |       ||   320
         Reflection        |       |       |       |       |     3 |    75 |    61 |    34 |    41 ||   214
         Kite shield       |       |       |       |       |       |   596 |   839 |   598 |  1268 ||  3301
   Form: Statue            |       |       |       |       |       |       |     1 |       |       ||     1

Table legend: (Time is in decaauts)
 A = Elapsed time spent in this place.
 B = Non-inter-level travel time spent in this place.
 C = Inter-level travel time spent in this place.
 D = Time resting spent in this place.
 E = Time spent auto-exploring this place.
 F = Levels seen in this place.
 G = Mean time per level.
                   A        B        C        D        E       F      G
               +--------+--------+--------+--------+--------+-----+--------+
         Total | 114717 |  99688 |  15029 |  37158 |  35150 |  70 | 1638.8 |
       Dungeon |  25028 |  20017 |   5011 |   6133 |   9335 |  15 | 1668.5 |
        Temple |      1 |      1 |      0 |      0 |      0 |   1 |    1.0 |
          Lair |  11971 |   9869 |   2102 |   4398 |   3219 |   5 | 2394.2 |
         Swamp |   5740 |   5424 |    316 |   2194 |   2044 |   4 | 1435.0 |
     Snake Pit |  14687 |  13449 |   1238 |   7444 |   3250 |   4 | 3671.8 |
  Orcish Mines |   4027 |   3034 |    993 |   1113 |    948 |   2 | 2013.5 |
   Elven Halls |   5588 |   5002 |    586 |    913 |   2349 |   3 | 1862.7 |
        Vaults |  16204 |  14539 |   1665 |   4536 |   5547 |   5 | 3240.8 |
         Crypt |   5562 |   5139 |    423 |   1276 |   2430 |   3 | 1854.0 |
        Depths |  11120 |   9300 |   1820 |   3400 |   3666 |   4 | 2780.0 |
          Hell |    176 |    175 |      1 |     31 |      0 |   1 |  176.0 |
           Zot |   8026 |   7156 |    870 |   3056 |    967 |   5 | 1605.2 |
      Ziggurat |   1502 |   1502 |      0 |    719 |      0 |  13 |  115.5 |
         Trove |     95 |     95 |      0 |      0 |      0 |   1 |   95.0 |
        Bailey |   1028 |   1028 |      0 |    456 |    247 |   1 | 1028.0 |
      Ice Cave |   1057 |   1057 |      0 |    508 |    296 |   1 | 1057.0 |
       Volcano |    699 |    699 |      0 |    430 |    113 |   1 |  699.0 |
    Desolation |   2198 |   2198 |      0 |    543 |    738 |   1 | 2198.0 |
               +--------+--------+--------+--------+--------+-----+--------+

Top non-repeatable levels by time:
 Snake:1: 6189 daAuts
Depths:1: 3985 daAuts
Vaults:4: 3981 daAuts
Vaults:1: 3618 daAuts
Vaults:2: 3487 daAuts
 Snake:4: 3318 daAuts
   Orc:2: 3305 daAuts
  Lair:5: 3213 daAuts
 Snake:3: 2908 daAuts
  Lair:1: 2839 daAuts
  Lair:3: 2772 daAuts
    D:14: 2700 daAuts
   Zot:3: 2615 daAuts
Vaults:5: 2607 daAuts
Depths:4: 2538 daAuts
